 Dungeon Crawl Stone Soup version 0.26-a0-682-g294304f6e8 (webtiles) character file.

Game seed: 16401872955264777528

369 user1234 the Chopper (level 6, -1/56 HPs)
             Began as a Hill Orc Fighter on Oct 21, 2020.
             Slain by a two-headed ogre
             ... wielding a +0 giant club
              (7 damage)
             ... on level 4 of the Dungeon.
             The game lasted 00:08:03 (3258 turns).

user1234 the Chopper (Hill Orc Fighter)             Turns: 3258, Time: 00:08:04

Health: -1/56      AC: 12    Str: 21    XL:     6   Next: 70%
Magic:  6/6        EV:  4    Int: 14    God:
Gold:   185        SH:  9    Dex: 10    Spells: 5/5 levels left

rFire    . . .     SeeInvis .   a - +0 war axe
rCold    . . .     Faith    .   c - +0 kite shield
rNeg     . . .     Spirit   .   e - +0 plate armour
rPois    +         Reflect  .   (no helmet)
rElec    .         Harm     .   (no cloak)
rCorr    .         Rampage  .   (no gloves)
MR       .....                  (no boots)
Stlth    ..........             (no amulet)
HPRegen  0.18/turn              n - +6 ring of intelligence
MPRegen  0.10/turn              q - ring of poison resistance

@: no status effects
A: no striking features
a: no special abilities


You were on level 4 of the Dungeon.
You visited 1 branch of the dungeon, and saw 4 of its levels.

You collected 185 gold pieces.

Inventory:

Hand Weapons
 a - a +0 war axe (weapon)
Missiles
 p - 5 boomerangs (quivered)
 t - 19 arrows
Armour
 c - a +0 kite shield (worn)
 e - a +0 plate armour (worn)
Jewellery
 n - a +6 ring of intelligence (left hand)
 q - a ring of poison resistance (right hand)
Wands
 w - a wand of polymorph (11)
Scrolls
 f - a scroll of blinking {unknown}
 h - 3 scrolls of teleportation
 i - 3 scrolls of remove curse
 l - 2 scrolls of fear {unknown}
 o - a scroll of noise {unknown}
 u - a scroll of immolation {unknown}
 v - a scroll of random uselessness {unknown}
Potions
 b - a potion of ambrosia {unknown}
 d - 2 potions of might
 g - a potion of haste {unknown}
 j - 2 potions of cancellation
 k - 3 potions of curing {unknown}
 m - a potion of mutation {unknown}
 r - a potion of berserk rage {unknown}
 s - a potion of heal wounds {unknown}


   Skills:
 + Level 5.1 Fighting
 + Level 5.5 Axes
 + Level 4.9 Armour
 + Level 0.1 Dodging
 + Level 0.1 Stealth
 + Level 4.5 Shields
 + Level 0.1 Unarmed Combat


You had 5 spell levels left.
You didn't know any spells.
Your spell library was empty.

Dungeon Overview and Level Annotations

Branches:
Dungeon (4/15)
 Temple: D:4-7

Altars:


Message History

You block the two-headed ogre's attack.
The two-headed ogre hits you with a +0 dire flail!
You hit the two-headed ogre.
The two-headed ogre is lightly wounded.
The two-headed ogre hits you with a +0 giant club!
The two-headed ogre hits you with a +0 dire flail!
You slash the two-headed ogre!
The two-headed ogre is lightly wounded.
The two-headed ogre hits you with a +0 giant club!
* * * LOW HITPOINT WARNING * * *
You block the two-headed ogre's attack.
You hit the two-headed ogre but do no damage.
The two-headed ogre is lightly wounded.
The two-headed ogre hits you with a +0 giant club.
* * * LOW HITPOINT WARNING * * *
You block the two-headed ogre's attack.
You barely miss the two-headed ogre.
The two-headed ogre is lightly wounded.
The two-headed ogre hits you with a +0 giant club!
You die...

#.#
#.#
#<#
#)#
#†#
#[#
#)#
#!#
#@#
#O#
..#
####


You could see a two-headed ogre.

Vanquished Creatures
  A gnoll sergeant (D:4)
  Crazy Yiuf (D:3)
  2 orc priests (D:2)
  Robin (D:3)
  7 gnolls
  2 adders (D:2)
  A worm (D:2)
  2 dart slugs (D:1)
  A leopard gecko (D:4)
  6 orcs
  3 ball pythons
  6 giant cockroaches
  12 hobgoblins
  10 jackals
  A quokka (D:3)
  9 bats
  3 frilled lizards
  19 goblins
  9 kobolds
  9 rats
105 creatures vanquished.

Notes
Turn   | Place    | Note
-------+----------+-------------------------------------------
     0 | D:1      | user1234 the Hill Orc Fighter began the quest for the Orb.
     0 | D:1      | Reached XP level 1. HP: 19/19 MP: 1/1
   133 | D:1      | Reached XP level 2. HP: 27/27 MP: 2/2
   418 | D:1      | Reached XP level 3. HP: 26/33 MP: 3/3
  1273 | D:2      | Reached XP level 4. HP: 40/40 MP: 4/4
  2103 | D:3      | Noticed Robin
  2123 | D:3      | Killed Robin
  2123 | D:3      | Reached XP level 5. HP: 46/46 MP: 5/5
  2622 | D:2      | Reached skill level 5 in Fighting
  2622 | D:2      | Reached XP level 6. HP: 56/56 MP: 6/6
  2856 | D:3      | Found a runed translucent door.
  2865 | D:3      | Noticed Crazy Yiuf
  2965 | D:3      | Killed Crazy Yiuf
  3077 | D:4      | Reached skill level 5 in Axes
  3252 | D:4      | Noticed a two-headed ogre
  3258 | D:4      | Slain by a two-headed ogre

Illustrated notes

Levels and vault maps discovered:
D:1:      dpeg_arrival_rooms_a, layout_basic
D:2:      layout_basic
D:3:      layout_rooms, uniq_crazy_yiuf_cottage, uniq_robin
D:4:      layout_loops_ring, uniq_blork_the_orc

Skill      XL: |  1  2  3  4  5  6 |
---------------+-------------------+-----
Axes           | 3 4 5 |  5.5
Shields        | 4 |  4.5
Fighting       | 4 5 |  5.1
Armour         | 4 |  4.9
Dodging        | |  0.1
Stealth        | |  0.1
Unarmed Combat | |  0.1

Action                   |  1- 3 |  4- 6 || total
-------------------------+-------+-------++-------
Melee: War axe           |   134 |   173 ||   307
       Unarmed           |       |     4 ||     4
Throw: Boomerang         |       |     4 ||     4
  Use: Scroll            |       |     4 ||     4
Armor: Plate armour      |    99 |   146 ||   245
Dodge: Dodged            |    16 |    37 ||    53
Block: Kite shield       |    90 |   100 ||   190

Table legend: (Time is in decaauts)
 A = Elapsed time spent in this place.
 B = Non-inter-level travel time spent in this place.
 C = Inter-level travel time spent in this place.
 D = Time resting spent in this place.
 E = Time spent auto-exploring this place.
 F = Levels seen in this place.
 G = Mean time per level.
                   A        B        C        D        E       F      G
               +--------+--------+--------+--------+--------+-----+--------+
         Total |   3377 |   3290 |     87 |    316 |   1901 |   4 |  844.2 |
       Dungeon |   3377 |   3290 |     87 |    316 |   1901 |   4 |  844.2 |
               +--------+--------+--------+--------+--------+-----+--------+

Top non-repeatable levels by time:
     D:1: 1202 daAuts
     D:2: 1182 daAuts
     D:3: 925 daAuts
     D:4: 66 daAuts
